 Dungeon Sprint DCSS version 0.24-a0-584-g9d6b971 (webtiles) character file.

Game seed: 2591452725761069268, levelgen mode: deterministic

39 snetch the Conjurer (level 3, -7/19 HPs)
             Began as a Deep Elf Conjurer on Aug 29, 2019.
             Was an Initiate of Vehumet.
             Mangled by an ice beast (12 damage)
             ... in the Dungeon (Sprint IX: "|||||||||||||||||||||||||||||").
             The game lasted 00:04:58 (673 turns).

snetch the Conjurer (Deep Elf Conjurer)              Turns: 673, Time: 00:04:59

Health: -7/19      AC:  9    Str:  5    XL:     3   Next: 28%
Magic:  0/11       EV: 12    Int: 20    God:    Vehumet [......]
Gold:   0          SH:  0    Dex: 18    Spells: 8/11 levels left

rFire    . . .     SeeInvis .   o - staff of energy
rCold    . . .     Gourm    .   (no shield)
rNeg     . . .     Faith    .   r - +2 ring mail
rPois    .         Spirit   .   q - +0 helmet
rElec    .         Reflect  .   (no cloak)
rCorr    .         Harm     .   p - +0 pair of gloves
MR       .....     NoTele   +   (no boots)
Stlth    ++........             (no amulet)
HPRegen  0.06/turn              s - +2 ring of evasion
MPRegen  0.12/turn              t - +3 ring of dexterity

@: no status effects
A: no striking features
a: Renounce Religion


You were in the Dungeon.
You worshipped Vehumet.
Vehumet was noncommittal.
You were not hungry.

You visited 1 branch

Inventory:

Hand Weapons
 a - a +4 quarterstaff of speed
 b - a +2 dire flail of crushing
 c - a +2 scimitar of flaming
 d - a +1 broad axe of chopping
 e - a +2 rapier of venom
 f - a +2 halberd of protection
Armour
 p - a +0 pair of gloves (worn)
 q - a +0 helmet (worn)
 r - a +2 ring mail (worn)
Magical Staves
 o - an uncursed staff of energy (weapon)
Jewellery
 s - a +2 ring of evasion (left hand)
 t - a +3 ring of dexterity (right hand)
Wands
 n - a wand of iceblast (10)
Scrolls
 l - 3 scrolls of remove curse
 m - 2 scrolls of amnesia
Potions
 g - 4 potions of magic
 h - a potion of berserk rage
 k - a potion of invisibility
 v - 5 potions of curing
 w - a potion of haste
 x - 3 potions of heal wounds
Comestibles
 z - a ration


   Skills:
 + Level 3.2 Dodging
 + Level 3.4 Stealth
 + Level 4.5 Spellcasting
 + Level 7.4 Conjurations


You had 8 spell levels left.
You knew the following spells:

 Your Spells              Type           Power        Failure   Level  Hunger
a - Magic Dart            Conj           ####         2%          1    None
b - Searing Ray           Conj           ####..       4%          2    None

Your spell library contained the following spells:

 Spells                   Type           Power        Failure   Level  Hunger
 Iskenderun's Mystic Bla  Conj           ####....     28%         4    None
 Dazzling Spray           Conj/Hex       ###...       36%         3    None
 Force Lance              Conj/Tloc      ###.....     77%         4    None
 Fulminant Prism          Conj/Hex       ###.......   77%         4    None


Dungeon Overview and Level Annotations

Branches:
Dungeon (1/1)

Altars:
Cheibriados
Dithmenos
Elyvilon
Fedhas
Gozag
Hepliaklqana
Kikubaaqudgha
Makhleb
Nemelex Xobeh
Okawaru
Qazlal
Ru
Sif Muna
Trog
Uskayaw
Vehumet
Wu Jian
Xom
Yredelemnul
Zin
The Shining One
Beogh
Jiyva
Lugonu


Message History

There is an open door, spattered with blood here.
Casting: Searing Ray (safe; 4% risk of failure)
Confirm with . or Enter, or press ? or * to list all spells.
Aiming: Magic Dart (safe; 2% risk of failure)
Press: ? - help, Shift-Dir - straight line, f/p - ice beast
Aim: an ice beast (severely wounded)
The magic dart hits the ice beast.
The ice beast is severely wounded.
Casting: Magic Dart (safe; 2% risk of failure)
Confirm with . or Enter, or press ? or * to list all spells.
Aiming: Magic Dart (safe; 2% risk of failure)
Press: ? - help, Shift-Dir - straight line, f/p - ice beast
Aim: an ice beast (severely wounded)
The magic dart hits the ice beast.
The ice beast is almost dead.
The ice beast hits you.
* * * LOW HITPOINT WARNING * * *
The ice beast freezes you!
Ouch! That really hurt!
You die... ▓▓▓▓▓▓▓▓▓▓▓▓▓▓▓▓▓▓▓▓▓▓▓▓ ______'.....'..Y@.'...<▓ ▓▓▓▓▓▓▓▓▓▓▓▓▓▓▓▓▓▓▓▓▓▓▓▓

You could see an ice beast.

Vanquished Creatures
  An orc wizard (D)
  An adder zombie (D)
  A dart slug (D)
  An orc (D)
  A bat (D)
  A giant cockroach (D)
  A hobgoblin (D)
  A giant cockroach zombie (D)
  A leopard gecko zombie (D)
  A quokka skeleton (D)
  A rat (D)
11 creatures vanquished.

Notes
Turn   | Place    | Note
-------+----------+-------------------------------------------
     0 | D        | snetch the Deep Elf Conjurer began the quest for the Orb.
     0 | D        | Reached XP level 1. HP: 10/10 MP: 6/6
     6 | D        | Reached skill level 5 in Conjurations
   103 | D        | Reached XP level 2. HP: 15/15 MP: 5/8
   106 | D        | Reached skill level 6 in Conjurations
   212 | D        | Learned a level 2 spell: Searing Ray
   219 | D        | Found a roughly hewn altar of Beogh.
   219 | D        | Found a snail-covered altar of Cheibriados.
   219 | D        | Found a shadowy altar of Dithmenos.
   219 | D        | Found a white marble altar of Elyvilon.
   219 | D        | Found a blossoming altar of Fedhas.
   219 | D        | Found an opulent altar of Gozag.
   220 | D        | Found a hazy altar of Hepliaklqana.
   221 | D        | Found a viscous altar of Jiyva.
   222 | D        | Found an ancient bone altar of Kikubaaqudgha.
   223 | D        | Found a corrupted altar of Lugonu.
   224 | D        | Found a burning altar of Makhleb.
   225 | D        | Found a sparkling altar of Nemelex Xobeh.
   226 | D        | Found an iron altar of Okawaru.
   227 | D        | Found a stormy altar of Qazlal.
   228 | D        | Found a sacrificial altar of Ru.
   229 | D        | Found a shimmering blue altar of Sif Muna.
   230 | D        | Found a bloodstained altar of Trog.
   231 | D        | Found a hide-covered altar of Uskayaw.
   232 | D        | Found a radiant altar of Vehumet.
   233 | D        | Found an ornate altar of the Wu Jian Council.
   234 | D        | Found a shimmering altar of Xom.
   235 | D        | Found a basalt altar of Yredelemnul.
   236 | D        | Found a glowing silver altar of Zin.
   237 | D        | Found a glowing golden altar of the Shining One.
   240 | D        | Became a worshipper of Vehumet
   322 | D        | Noticed a killer bee
   322 | D        | Noticed a two-headed ogre
   322 | D        | Noticed an ice beast
   322 | D        | Noticed a crimson imp
   326 | D        | Reached skill level 7 in Conjurations
   326 | D        | Reached XP level 3. HP: 18/19 MP: 0/11
   673 | D        | Mangled by an ice beast

Levels and vault maps discovered:
D:        linesprint [early_d, line_temple, items_1, d_10, items_2, lair_1,
          lair_end, items_3, orc_1, orc_end, items_4, d_15, swamp_1, shoals_1,
          snake_1, spider_1, d_20, vaults_1, items_5, swamp_end, shoals_end,
          snake_end, spider_end, vaults_end, d_27, items_6, zot_1, zot_end,
          crypt_end, forest_end, elf_end, slime_end, tomb_end, abyss_end,
          pan_hell_end]

Skill      XL: |  1  2 |
---------------+-------+-----
Conjurations   | 5 7 |  7.4
Stealth        | 3 |  3.4
Dodging        | 3 |  3.2
Spellcasting   | 4 |  4.5

Action                   || total
-------------------------++-------
Melee: Club              ||     5
       Staff             ||    22
 Cast: Magic Dart        ||    25
       Searing Ray       ||     9
Evoke: Staff of energy   ||     1
  Use: Scroll            ||     2
Armor: Robe              ||     2
       Ring mail         ||    24
Dodge: Dodged            ||    36

Table legend:
 A = Non-vault XP
 B = Vault XP
 C = Vault XP percentage of total XP
 D = Non-vault monster count
 E = Vault monster count
 F = Vault count percentage of total count
                 A         B        C        D         E       F
            +---------+---------+-------+---------+---------+-------
      Total |       0 |      57 | 100.0 |       0 |      11 | 100.0
            +---------+---------+-------+---------+---------+-------
          D |       0 |      57 | 100.0 |       0 |      11 | 100.0
            +---------+---------+-------+---------+---------+-------
